 Dungeon Crawl Stone Soup version 0.29.1-12-g30fa7ad0bf (webtiles) character file.

Game seed: 18300169913954410481

9338 warriortoast the Skirmisher (level 11, -16/55 HPs)
             Began as a Spriggan Hunter on Dec 12, 2022.
             Was a Priest of Fedhas.
             Succumbed to a black mamba's poison
             ... on level 9 of the Dungeon.
             The game lasted 00:24:11 (12911 turns).

warriortoast the Skirmisher (Spriggan Hunter)      Turns: 12911, Time: 00:24:11

Health: -16/55     AC:  6    Str:  7    XL:     11   Next: 21%
Magic:  12/12      EV: 26    Int: 11    God:    Fedhas [***...]
Gold:   502        SH:  0    Dex: 23    Spells: 10/10 levels left

rFire   . . .      SeeInvis +   p - +2 shortbow (vorpal)
rCold   . . .      Faith    .   (shield currently unavailable)
rNeg    . . .      Spirit   .   E - +0 steam dragon scales
rPois   .          Reflect  .   (helmet restricted)
rElec   .          Harm     .   v - +0 cloak
rCorr   .          Rampage  .   (gloves unavailable)
Will    +....                   (boots unavailable)
Stlth   +++++.....              t - amulet of regeneration
HPRegen 0.98/turn               (no ring)
MPRegen 0.13/turn               (no ring)

@: lethally poisoned (-16 -> -65), very quick
A: very small, no large weapons, unfitting armour, see invisible, speed 3
a: Renounce Religion, Wall of Briars, Grow Ballistomycete


You were on level 9 of the Dungeon.
You worshipped Fedhas.
Fedhas was most pleased with you.
You visited 3 branches of the dungeon, and saw 12 of its levels.
You also visited: Ossuary.

You collected 544 gold pieces.
You spent 42 gold pieces at shops.

Inventory:

Hand Weapons
 a - a +1 shortbow
 p - a +2 vorpal shortbow (weapon)
 H - a +2 shortbow of freezing
Missiles
 e - a throwing net
Armour
 c - a +0 robe
 v - a +0 cloak (worn)
 E - +0 steam dragon scales (worn)
Jewellery
 t - an amulet of regeneration (around neck)
 y - a ring of positive energy
 z - a ring of resist corrosion
 G - an amulet of faith
 J - an amulet of the acrobat
Wands
 m - a wand of polymorph (12)
 A - a wand of iceblast (5)
 C - a wand of flame (48)
Scrolls
 b - 3 scrolls of immolation
 g - 2 scrolls of teleportation
 h - 2 scrolls of torment {unknown}
 i - 13 scrolls of identify
 j - a scroll of summoning {unknown}
 n - 2 scrolls of silence
 o - 2 scrolls of magic mapping
 r - 2 scrolls of blinking {unknown}
 B - a scroll of enchant weapon
 D - 2 scrolls of enchant armour {unknown}
 F - a scroll of amnesia
 I - a scroll of fear {unknown}
Potions
 d - 5 potions of might
 f - 2 potions of haste {unknown}
 k - 2 potions of flight {unknown}
 l - 2 potions of brilliance
 q - a potion of magic {unknown}
 s - 4 potions of curing
 u - 2 potions of ambrosia {unknown}
 w - 2 potions of cancellation {unknown}
 x - 2 potions of mutation {unknown}


   Skills:
 - Level 5.0 Fighting
 + Level 14.0 Ranged Weapons
 - Level 10.0 Dodging
 - Level 10.0 Stealth


You had 10 spell levels left.
You didn't know any spells.
Your spell library contained the following spells:

 Spells                   Type           Power      Damage    Failure   Level
 Freeze                   Ice            0%         1d3       34%         1
 Slow                     Hex            0%         N/A       34%         1
 Confusing Touch          Hex            0%         N/A       71%         3
 Frozen Ramparts          Ice            0%         1d1       71%         3
 Vampiric Draining        Necr           0%         2d6       71%         3
 Hailstorm                Conj/Ice       0%         3d3       98%         4


Dungeon Overview and Level Annotations

Branches:
Dungeon (10/15)            Temple (1/1) D:6            Lair (1/5) D:9
    Orc (0/2) D:10        Ossuary (visited)

Altars:
Ashenzari
Dithmenos
Elyvilon
Fedhas
Hepliaklqana
Kikubaaqudgha
Makhleb
Nemelex Xobeh
Okawaru
Uskayaw
Yredelemnul
Zin

Shops:
D:3 *


Innate Abilities, Weirdness & Mutations

You are very small and have problems with some larger weapons.
You are too small for most types of armour.
You have supernaturally acute eyesight. (SInv)
You cover ground extremely quickly. (Speed+++)


Message History

You are poisoned.
The black mamba poisons you!
You shoot an arrow. The arrow misses the black mamba.
You feel very sick. The black mamba closely misses you.
The black mamba completely misses you.
You shoot an arrow.
The arrow hits the black mamba but does no damage.
You feel very sick. The black mamba misses you.
You shoot an arrow. The arrow hits the black mamba!
The black mamba is moderately wounded.
You feel very sick. The black mamba closely misses you.
The black mamba barely misses you.
You shoot an arrow.
The arrow closely misses the black mamba.
You feel very sick. The black mamba bites you.
You are more poisoned.
The black mamba poisons you!
You shoot an arrow.
The arrow hits the black mamba but does no damage.
The black mamba is moderately wounded.
You feel very sick. The black mamba misses you.
The black mamba closely misses you.
The black mamba attacks as you move away!
The black mamba barely misses you.
You feel very sick.
You feel very sick.
There is a staircase back to the Dungeon here.
You feel very sick. The black mamba bites you!
* * * LOW HITPOINT WARNING * * *
You are more poisoned.
The black mamba poisons you! The black mamba bites you.
* * * LOW HITPOINT WARNING * * *
You are more poisoned.
The black mamba poisons you!
You climb upwards.
Welcome back to the Dungeon!
You die...
Fedhas appreciates your contribution to the ecosystem.

..# #....# #.# ####
#..#####.#
...#####.#####..#####
....................#
##.#................#
......##.##.##......#
##.##.##.#..###..####
##.#..##.#.## ##S#
##...###.#.# #@#
##..####.#.# ###
##.####....#
.#####...###
..###..#.###
...........#
...........#
###.#......###### #
#.#...........#


You could see a black mamba.

Vanquished Creatures
  Erica (D:8)
  A deep elf pyromancer (D:8)
  An ugly thing (D:8)
  Psyche (D:8)
  3 trolls
  7 yaks
  5 wyverns
  2 steam dragons
  2 vampire mosquitoes
  2 acid dragons
  Duvessa (D:6)
  4 water moccasins
  4 ice beasts
  2 orc warriors
  2 sky beasts
  2 black bears
  2 ogres (D:6)
  8 centaurs
  A phantom (D:7)
  2 bullfrogs
  3 necrophages
  4 scorpions
  5 water moccasin zombies (Ossuary)
  5 wights (D:8)
  Dowan (D:6)
  4 killer bees (D:10)
  2 howler monkeys
  2 hounds
  3 orc priests
  Crazy Yiuf (D:7)
  2 jellies (D:6)
  7 iguanas
  4 orc wizards
  2 mummies (Ossuary)
  A gnoll (D:6)
  5 adders
  4 shadow imps
  4 white imps
  An ufetubus (D:5)
  4 adder zombies (Ossuary)
  A dart slug (D:4)
  31 orcs
  5 ball pythons
  5 bats
  11 endoplasms
  6 giant cockroaches
  7 goblins
  4 hobgoblins
  6 jackals
  5 kobolds
  2 quokkas
  6 frilled lizards
  4 gnoll zombies (Ossuary)
  4 hobgoblin zombies (Ossuary)
  6 kobold zombies (Ossuary)
  7 orc zombies (Ossuary)
  3 rats
230 creatures vanquished.

Vanquished Creatures (others)
  4 plants (D:2)
4 creatures vanquished.

Grand Total: 234 creatures vanquished

Notes
Turn   | Place    | Note
-------+----------+-------------------------------------------
     0 | D:1      | warriortoast the Spriggan Hunter began the quest for the
                  | Orb.
     0 | D:1      | Reached XP level 1. HP: 10/10 MP: 2/2
   242 | D:1      | Reached XP level 2. HP: 14/15 MP: 3/3
   628 | D:1      | Reached XP level 3. HP: 18/18 MP: 4/4
  1218 | D:2      | Identified the +2 scale mail of Shadows and Fog {-Cast
                  | rN+++ MP-9 Str+7}
  1836 | D:3      | Found a broken altar of Ashenzari.
  1857 | D:3      | Reached XP level 4. HP: 23/23 MP: 5/5
  1983 | D:3      | Found Hopnacor's General Store.
  1994 | D:3      | Bought a potion of curing for 42 gold pieces
  2099 | D:3      | Found an ancient bone altar of Kikubaaqudgha.
  2986 | D:4      | Noticed a water moccasin
  3047 | D:4      | Killed a water moccasin
  3048 | D:4      | Reached XP level 5. HP: 26/28 MP: 6/6
  3342 | D:5      | Entered Level 5 of the Dungeon
  3342 | D:5      | Noticed an ice beast
  3390 | D:5      | Found a sand-covered staircase.
  3394 | Ossuary  | Entered an ossuary
  3898 | Ossuary  | Reached XP level 6. HP: 32/32 MP: 7/7
  4198 | Ossuary  | Reached skill level 5 in Ranged Weapons
  4198 | Ossuary  | Reached skill level 5 in Stealth
  4202 | Ossuary  | Reached skill level 5 in Dodging
  4214 | Ossuary  | Reached XP level 7. HP: 31/37 MP: 8/8
  5569 | D:6      | Noticed a yak
  5634 | D:6      | Killed a yak
  5635 | D:6      | Reached skill level 5 in Fighting
  5635 | D:6      | Reached skill level 6 in Ranged Weapons
  5635 | D:6      | Reached XP level 8. HP: 43/43 MP: 9/9
  6691 | D:6      | Found a staircase to the Ecumenical Temple.
  6718 | Temple   | Entered the Ecumenical Temple
  6724 | Temple   | Became a worshipper of Fedhas Madash
  6841 | D:6      | Noticed Duvessa
  6841 | D:6      | Noticed Dowan
  7355 | D:7      | Reached skill level 7 in Ranged Weapons
  7397 | D:7      | Found a runed translucent door.
  7398 | D:7      | Noticed Crazy Yiuf
  7635 | D:6      | Reached XP level 9. HP: 36/47 MP: 10/10
  8483 | D:7      | Reached * piety under Fedhas
  8506 | D:7      | Reached skill level 10 in Stealth
  8647 | D:7      | Found a basalt altar of Yredelemnul.
  8750 | D:7      | Reached skill level 8 in Ranged Weapons
  8825 | D:7      | Killed Crazy Yiuf
  8919 | D:6      | Killed Dowan
  9493 | D:6      | Reached skill level 10 in Dodging
  9579 | D:6      | Reached skill level 9 in Ranged Weapons
  9824 | D:6      | Killed Duvessa
  9863 | D:8      | Reached ** piety under Fedhas
  9871 | D:8      | Noticed Erica
  9892 | D:8      | Killed Erica
  9893 | D:8      | Reached skill level 10 in Ranged Weapons
  9893 | D:8      | Reached XP level 10. HP: 31/51 MP: 11/11
 10122 | D:8      | Noticed Psyche
 10128 | D:8      | Killed Psyche
 10129 | D:8      | Reached skill level 11 in Ranged Weapons
 10197 | D:8      | Noticed a deep elf pyromancer
 10792 | D:9      | Noticed a purple ugly thing
 10826 | D:8      | Reached skill level 12 in Ranged Weapons
 11074 | D:8      | Killed a deep elf pyromancer
 11129 | D:9      | Reached *** piety under Fedhas
 11383 | D:9      | Reached skill level 13 in Ranged Weapons
 11578 | D:8      | Killed a purple ugly thing
 11691 | D:9      | Noticed a boulder beetle
 11757 | D:10     | Entered Level 10 of the Dungeon
 11782 | D:9      | Reached XP level 11. HP: 55/55 MP: 12/12
 12015 | D:9      | Found a staircase to the Lair.
 12147 | D:10     | Found a staircase to the Orcish Mines.
 12687 | D:9      | Reached skill level 14 in Ranged Weapons
 12896 | Lair:1   | Entered Level 1 of the Lair of Beasts
 12910 | Lair:1   | HP: 1/55 [black mamba (4)]
 12911 | D:9      | Succumbed to a black mamba's poison

Illustrated notes

Levels and vault maps discovered:
D:1:      evilmike_arrival_crescent, layout_basic
D:2:      layout_basic, hangedman_decor_clover_reticule, serial_bayou_lagoon_a,
          minmay_hexomino_p4
D:3:      layout_rooms, amcnicky_altar_gilded, nicolae_ashenzari_skybound,
          serial_shops, shop
D:4:      layout_loops_corners
D:5:      layout_loops_ring, lightli_ossuary_entry_decrepit_ruins
D:6:      layout_loops_ring, minmay_temple_entry_ruins, nzn_random_ring,
          uniq_duvessa
D:7:      layout_basic, kennysheep_mini, kennysheep_potato,
          uniq_crazy_yiuf_cottage
D:8:      nicolae_whirlpool, layout_basic, uniq_erica, uniq_psyche
D:9:      layout_rooms, lair_entry_dummy, minmay_bent
D:10:     layout_basic, orc_0_dummy, hex_medium,
          minmay_fractal_squares_diagonal_5, uniq_maggie
Temple:   nicolae_temple_bog_church
Lair:1:   layout_chaotic_city, st_stairs_8, lemuel_fruit_fields,
          grunt_megastairs_3, infiniplex_staircase_pool_2

Skill      XL: |  1  2  3  4  5  6  7  8  9 10 11 |
---------------+----------------------------------+-----
Stealth        | 2 3 4 5 6 9 10 | 10.0
Dodging        | 3 4 5 6 8 10 | 10.0
Fighting       | 2 3 4 5 |  5.0
Ranged Weapons | 5 6 7 10 13 14 | 14.0

Action                   |  1- 3 |  4- 6 |  7- 9 | 10-12 || total
-------------------------+-------+-------+-------+-------++-------
Melee: Shortbow          |       |       |     1 |     1 ||     2
 Fire: Shortbow          |   100 |   159 |   454 |   306 ||  1019
  Use: Scroll            |       |     9 |     1 |     1 ||    11
       Potion            |       |     1 |       |       ||     1
Armor: Robe              |     3 |     3 |     7 |       ||    13
       Steam dragon scal |       |       |     1 |    14 ||    15
Dodge: Dodged            |    28 |    66 |   208 |   212 ||   514
